 Dungeon Crawl Stone Soup version 0.27.1 (webtiles) character file.

Game seed: 15745163755519573995

205424 MajorAdolf the Scorcher (level 19, -11/138 HPs)
             Began as a Naga Wanderer on Aug 23, 2021.
             Was an Initiate of Gozag.
             Killed from afar by a deep elf knight (50 damage)
             ... with a shard of ice
             ... on level 1 of the Elven Halls.
             The game lasted 02:00:41 (59510 turns).

MajorAdolf the Scorcher (Naga Wanderer)            Turns: 59510, Time: 02:00:42

Health: -11/138    AC: 20    Str: 23    XL:     19   Next: 11%
Magic:  28/28      EV:  6    Int: 24    God:    Gozag
Gold:   1854       SH: 14    Dex: 10    Spells: 13/18 levels left

rFire    + + +     SeeInvis +   b - staff of fire
rCold    . . .     Faith    .   R - +5 kite shield "Asmivuc" {Int+3}
rNeg     + . .     Spirit   .   n - +3 leather armour {Will+}
rPois    +         Reflect  .   I - +0 helmet {Int+3}
rElec    +         Harm     +   V - +0 cloak {Will+}
rCorr    .         Rampage  .   B - +1 pair of gloves "Afitavam" {rN+}
Will     +++++                  G - +0 barding
Stlth    +++.......             T - amulet "Rysteer" {RegenMP Harm rC+ Dex-3}
HPRegen  0.33/turn              Z - ring of Life {rElec rF+ MP+9 Str+6 Stlth-}
MPRegen  0.46/turn              E - ring of Eternal Harmony {Fire Will++ Stlth+}

@: gold aura, very slow
A: AC +6, large, see invisible, deformed body, poison resistance, slowness 2,
spit poison 1, naga tail 2, claws 1, stinger 1, iridescent scales 1, clever 1
a: Spit Poison, Renounce Religion, Potion Petition, Call Merchant, Bribe Branch


You were on level 1 of the Elven Halls.
You worshipped Gozag.
Gozag was most pleased with you.
You visited 5 branches of the dungeon, and saw 23 of its levels.
You also visited: Sewer, Bailey, Ice Cave and Volcano.

You collected 12486 gold pieces.
You spent 5742 gold pieces at shops.
You paid 4890 gold pieces to Gozag.

Inventory:

Hand Weapons
 A - a +3 short sword of draining
Armour
 c - a +2 cloak of stealth
 f - a +2 buckler of reflection
 g - a scarf of resistance
 h - a +1 pair of gloves
 n - a +3 leather armour of willpower (worn)
 B - the +1 pair of gloves "Afitavam" (worn) {rN+}
   (You acquired it on level 3 of the Lair of Beasts)

   rN:        It protects you from negative energy.
 F - a +2 robe of the Archmagi
 G - a +0 barding (worn)
 I - a +0 helmet of intelligence (worn)
 R - the +5 kite shield "Asmivuc" (worn) {Int+3}
   (You acquired it on level 1 of the Elven Halls)

   Int:       It affects your intelligence (+3).
 V - a +0 cloak of willpower (worn)
 Y - a +1 leather armour of resistance
Magical Staves
 b - a staff of fire (weapon)
Jewellery
 y - the ring of Zoicopt {rC++ MP+9 Str-2 Int+6}
   (You acquired it on level 10 of the Dungeon)

   [ring of magical power]

   Str:       It affects your strength (-2).
   Int:       It affects your intelligence (+6).
   rC:        It greatly protects you from cold.
   MP:        It affects your magic capacity (+9).
 C - a ring of positive energy
 E - the ring of Eternal Harmony (right hand) {Fire Will++ Stlth+}
   (You bought it in a shop on level 11 of the Dungeon)

   [ring of fire]

   It enhances your fire magic.
   rF:        It protects you from fire.
   rC:        It makes you vulnerable to cold.
   Will:      It greatly increases your willpower.
   Stlth:     It makes you more stealthy.
 M - the ring of Surcho {Ice Dex+7 Slay-2 SInv}
   (You took it off a gnoll in a bailey)

   [ring of ice]

   It enhances your ice magic.
   Dex:       It affects your dexterity (+7).
   Slay:      It affects your accuracy & damage with ranged weapons and melee
   (-2).
   rF:        It makes you vulnerable to fire.
   rC:        It protects you from cold.
   SInv:      It lets you see invisible.
 T - the amulet "Rysteer" (around neck) {RegenMP Harm rC+ Dex-3}
   (You bought it in a shop on level 11 of the Dungeon)

   [amulet of magic regeneration]

   It increases your rate of magic regeneration.
   Dex:       It affects your dexterity (-3).
   rC:        It protects you from cold.
   Harm:      It increases damage dealt and taken.
 X - a +4 ring of protection
 Z - the ring of Life (left hand) {rElec rF+ MP+9 Str+6 Stlth-}
   (You took it off a deep elf death mage on level 3 of the Elven Halls)

   [ring of protection from fire]

   Str:       It affects your strength (+6).
   rF:        It protects you from fire.
   rElec:     It insulates you from electricity.
   MP:        It affects your magic capacity (+9).
   Stlth:     It makes you less stealthy.
Wands
 m - a wand of acid (15)
 w - a wand of polymorph (14)
 x - a wand of flame (104)
 L - a wand of mindburst (11)
 N - a wand of digging (8)
 P - a wand of paralysis (25)
Scrolls
 i - 6 scrolls of enchant armour
 j - 5 scrolls of blinking
 l - 7 scrolls of fog
 s - 3 scrolls of immolation
 u - a scroll of torment
 v - 5 scrolls of vulnerability
 H - a scroll of identify
 J - 4 scrolls of teleportation
 K - 5 scrolls of amnesia
 S - 2 scrolls of silence
 W - 2 scrolls of magic mapping
Potions
 a - 4 potions of invisibility
 d - 9 potions of curing
 e - 2 potions of attraction
 k - 4 potions of lignification
 o - 3 potions of brilliance
 p - 5 potions of might
 q - 3 potions of degeneration
 r - 7 potions of haste
 t - 5 potions of mutation
 D - 2 potions of magic
 U - 2 potions of flight


   Skills:
 - Level 1.0 Fighting
 - Level 2.0 Staves
 - Level 2.4 Dodging
 - Level 7.6 Stealth
 + Level 3.7 Shields
 + Level 17.9 Conjurations
 + Level 19.6 Fire Magic
 + Level 17.9 Earth Magic


You had 13 spell levels left.
You knew the following spells:

 Your Spells              Type           Power      Damage    Failure   Level
a - Bolt of Magma         Conj/Fire/Erth 58%        4d23      1%          5

Your spell library contained the following spells:

 Spells                   Type           Power      Damage    Failure   Level
 Foxfire                  Conj/Fire      100%       2x1d9     1%          1
 Iron Shot                Conj/Erth      36%        9d7       5%          6
 Mephitic Cloud           Conj/Pois/Air  28%        N/A       14%         3
 Animate Armour           Summ/Erth      86%        N/A       14%         4
 Leda's Liquefaction      Hex/Erth       21%        N/A       14%         4
 Petrify                  Tmut/Erth      43%        N/A       14%         4
 Borgnjor's Vile Clutch   Necr/Erth      21%        N/A       36%         5
 Irradiate                Conj/Tmut      21%        3d21      36%         5
 Animate Skeleton         Necr           0%         N/A       47%         1
 Beastly Appendage        Tmut           0%         N/A       47%         1
 Corpse Rot               Necr/Air       N/A        N/A       63%         2
 Ensorcelled Hibernation  Hex/Ice        0%         N/A       63%         2
 Poisonous Vapours        Pois/Air       0%         N/A       63%         2
 Sublimation of Blood     Necr           0%         N/A       63%         2
 Wereblood                Tmut           0%         N/A       63%         2
 Freezing Cloud           Conj/Ice/Air   14%        6-21      78%         5
 Call Canine Familiar     Summ           0%         N/A       85%         3
 Gell's Gravitas          Tloc           0%         N/A       85%         3
 Lesser Beckoning         Tloc           0%         N/A       85%         3
 Portal Projectile        Hex/Tloc       0%         N/A       85%         3
 Spider Form              Tmut/Pois      0%         N/A       85%         3
 Teleport Other           Tloc           0%         N/A       85%         3
 Statue Form              Tmut/Erth      28%        N/A       91%         6
 Animate Dead             Necr           0%         N/A       99%         4
 Olgreb's Toxic Radiance  Pois           0%         N/A       99%         4
 Summon Ice Beast         Ice/Summ       0%         N/A       99%         4
 Agony                    Necr           0%         N/A       100%        5
 Alistair's Intoxication  Tmut/Pois      0%         N/A       100%        5
 Blade Hands              Tmut           0%         N/A       100%        5
 Summon Forest            Summ/Tloc      0%         N/A       100%        5
 Summon Mana Viper        Hex/Summ       0%         N/A       100%        5
 Death Channel            Necr           0%         N/A       100%        6
 Dispersal                Tloc           0%         N/A       100%        6
 Eringya's Noxious Bog    Tmut/Pois      0%         N/A       100%        6
 Shadow Creatures         Summ           N/A        N/A       100%        6
 Simulacrum               Ice/Necr       0%         N/A       100%        6
 Monstrous Menagerie      Summ           0%         N/A       100%        7
 Summon Hydra             Summ           0%         N/A       100%        7
 Borgnjor's Revivificati  Necr           0%         N/A       100%        8
 Necromutation            Tmut/Necr      0%         N/A       100%        8
 Death's Door             Necr           0%         N/A       100%        9
 Polar Vortex             Ice            0%         N/A       100%        9


Dungeon Overview and Level Annotations

Branches:
Dungeon (11/15)            Temple (1/1) D:6            Lair (6/6) D:11
  Swamp (0/4) Lair:3        Snake (0/4) Lair:3        Slime (0/5) Lair:5
    Orc (2/2) D:11            Elf (3/3) Orc:2         Sewer (visited)
 Bailey (visited)           IceCv (visited)         Volcano (visited)

Altars:
Ashenzari
Cheibriados
Dithmenos
Elyvilon
Fedhas
Gozag
Hepliaklqana
Kikubaaqudgha
Makhleb
Nemelex Xobeh
Okawaru
Qazlal
Ru
Sif Muna
Trog
Uskayaw
Vehumet
Wu Jian
Xom
Yredelemnul
Zin
The Shining One
Beogh

Shops:
D:11 [===   Orc:2 [:((   Elf:1 *[   Elf:3 [

Annotations:
D:1 exclusion: downstairs
D:3 3 runed translucent doors, Shym's ghost, weakling BaVM
D:8 exclusion: downstairs
D:11 2 transporters, MajorAdolf's ghost, journeyman NaWn
Lair:1 exclusion: oklob plant
Lair:4 exclusion: oklob plant


Innate Abilities, Weirdness & Mutations

Your serpentine skin is tough. (AC +6)
You have supernaturally acute eyesight. (SInv)
Armour fits poorly on your strangely shaped body.
Your system is resistant to poisons. (rPois)
You cover ground very slowly.
You can spit poison.
You can use your snake-like lower body to constrict enemies.
You have sharp fingernails.
Your tail ends in a poisonous barb.
You are partially covered in iridescent scales. (AC +2)
Your mind is acute. (Int +2)


Message History

The deep elf archer blinks!
Unknown command.
Okay, then.
Okay, then.
Okay, then.
Okay, then.
You feel much better.
The deep elf knight unwields a +0 shortbow.
The deep elf knight wields a +0 scimitar.
The deep elf knight hits you with a +0 scimitar!
The deep elf archer unwields a +0 short sword.
The deep elf archer wields a +0 longbow.
The deep elf archer shoots an arrow.
The arrow hits the deep elf knight!
The deep elf knight hits you but does no damage.
Okay, then.
Unknown command.
Magic courses through your body.
The deep elf knight casts a spell at you.
The shard of ice hits you!!
* * * LOW HITPOINT WARNING * * *
The deep elf archer shoots an arrow.
The arrow misses the deep elf knight.
You block the arrow.
Unknown command.
You feel much better.
The deep elf knight gestures at you while chanting.
The lance of force hits you!
* * * LOW HITPOINT WARNING * * *
You are knocked back by the lance of force.
You slam into the stone wall!
* * * LOW HITPOINT WARNING * * *
The deep elf archer shoots an arrow.
The arrow closely misses the deep elf knight.
The arrow hits you but does no damage.
The deep elf knight gestures at you while chanting.
You block the shard of ice.
You feel much better.
The deep elf knight casts a spell at you.
The shard of ice hits you!!!
You die...
Your body crumbles into a pile of gold.

#.>.###..(#...#.....[# #.####..#
#...#.#...###'##'########.####..#
.###.##...#......#8≈≈..##.......#
#.#.###.(.'......#≈≈≈.....#####.#
##.## #...#..##..#≈≈≈.##### #.#
### #####..##..#≈≈≈.#### ##.#
#)..'..#...'≈≈≈....# ##.#.
#...#..#...#≈≈≈....# ##.###
#...#....e@#≈≈≈....###.#...
#...#e....$#≈≈≈....##.##...
#...#......#8≈≈....##..#...
#####'##'#######...##.#.###
#.....#.$$ #.........#.
#.....#.$.. ######.###.#
#.[...#....e #..# #.# ###
################..###.# #.#
#...#......#


You could see a deep elf archer (repels missiles) and a deep elf knight (fast,
invisible).

Vanquished Creatures
  2 deep elf blademasters (Elf:3)
  2 deep elf master archers (Elf:3)
  Kirke (Lair:4)
  An orc warlord (Bailey)
  6 deep elf sorcerers (Elf:3)
  8 deep elf elementalists
  The ghost of Necsenou the Fighter, a journeyman GnWn of Gozag (Orc:2)
  6 deep elf demonologists
  7 deep elf annihilators (Elf:3)
  5 deep elf death magi (Elf:3)
  A fire dragon (shapeshifter) (Elf:3)
  A deep elf high priest (Elf:3)
  7 hydras
  2 boulder beetles
  3 catoblepae (Lair:6)
  Erica (D:8)
  A two-headed ogre (D:11)
  6 death yaks
  Urug (Lair:4)
  A hell knight (Volcano)
  23 deep elf knights
  4 orc high priests
  A salamander mystic (Volcano)
  10 deep elf archers
  A necromancer (IceCv)
  7 orc knights
  27 deep elf zephyrmancers
  24 deep elf pyromancers
  3 orc sorcerers (Orc:2)
  2 wolf spiders (Lair:6)
  5 salamanders (Volcano)
  2 manticores (Lair:6)
  4 cyclopes
  27 elephants
  An ice statue (IceCv)
  2 centaur zombies
  4 torpor snails
  6 black mambas
  10 cane toads
  4 rime drakes
  12 ice devils (IceCv)
  4 komodo dragons
  An anaconda simulacrum (IceCv)
  3 kobold demonologists
  5 freezing wraiths (IceCv)
  A yaktaur (shapeshifter) (Elf:3)
  2 entropy weaver simulacra (IceCv)
  2 trolls
  4 polar bears
  A tyrant leech (Lair:3)
  12 dream sheep
  8 blink frogs
  4 slime creatures (Lair:5)
  A dream sheep (shapeshifter) (Elf:3)
  6 air elementals
  A shadow (D:9)
  Sigmund (D:7)
  2 dire elephant simulacra (IceCv)
  4 water elementals
  5 wyverns
  3 wraiths
  3 basilisks
  49 yaks
  A fire elemental (Elf:1)
  3 hogs (Lair:4)
  5 death yak simulacra (IceCv)
  6 vampire mosquitoes
  Grum (D:11)
  2 nagas (Lair:3)
  Edmund (D:7)
  A harpy simulacrum (IceCv)
  2 swamp worms (Lair:3)
  8 wargs
  12 water moccasins
  28 orc warriors
  3 sky beasts
  A hornet zombie (D:8)
  9 black bears
  8 ogres
  A tengu (D:9)
  6 centaurs
  9 wolves
  3 kobold brigands
  Blork the orc (D:6)
  10 bullfrogs
  2 earth elementals (Elf:1)
  A two-headed ogre simulacrum (IceCv)
  A gnoll sergeant (D:10)
  4 cane toad simulacra (IceCv)
  6 scorpions
  2 water moccasin zombies
  5 elephant simulacra (IceCv)
  A water moccasin skeleton (D:5)
  8 killer bees
  17 wights
  2 electric eels (Lair:2)
  2 bullfrog zombies
  2 gnoll shamans
  2 centaur skeletons (D:7)
  3 jellies
  2 hounds
  14 orc priests
  2 bullfrog skeletons
  4 iguanas
  16 orc wizards
  A spriggan simulacrum (IceCv)
  2 polar bear simulacra (IceCv)
  4 wolf simulacra (IceCv)
  A killer bee zombie (D:7)
  2 howler monkey zombies (D:5)
  19 gnolls
  A naga simulacrum (IceCv)
  13 adders
  10 river rats
  A white imp (D:5)
  3 ufetubi (IceCv)
  An adder skeleton (D:5)
  A worm (D:3)
  3 dart slugs (D:3)
  60 orcs
  9 endoplasms
  A giant cockroach (D:1)
  24 goblins
  28 hobgoblins
  4 jackals
  22 kobolds
  2 quokkas
  18 ball pythons
  5 bats
  6 frilled lizards
  23 rats
845 creatures vanquished.

Vanquished Creatures (others)
  38 dancing weapons
  Psyche (D:9)
  2 gnolls (D:5)
  36 fungi
  48 plants
125 creatures vanquished.

Grand Total: 970 creatures vanquished

Notes
Turn   | Place    | Note
-------+----------+-------------------------------------------
     0 | D:1      | MajorAdolf the Naga Wanderer began the quest for the Orb.
     0 | D:1      | MajorAdolf set off with the following items: a +2 dagger, a
                  | scroll of fear, a +0 quarterstaff, a potion of curing, a +0
                  | robe
     0 | D:1      | Reached XP level 1. HP: 18/18 MP: 1/1
   309 | D:1      | Reached XP level 2. HP: 17/25 MP: 2/2
  1063 | D:1      | Reached XP level 3. HP: 26/31 MP: 3/3
  1845 | D:2      | Reached skill level 1 in Shields
  1850 | D:2      | Found a broken altar of Ashenzari.
  1915 | D:2      | Reached XP level 4. HP: 22/38 MP: 4/4
  3211 | D:4      | Noticed a scorpion
  3216 | D:4      | Killed a scorpion
  3217 | D:4      | Reached skill level 1 in Conjurations
  3217 | D:4      | Reached skill level 1 in Fire Magic
  3217 | D:4      | Reached skill level 1 in Earth Magic
  3217 | D:4      | Reached XP level 5. HP: 44/44 MP: 5/5
  4542 | D:4      | Reached skill level 2 in Fire Magic
  4542 | D:4      | Reached XP level 6. HP: 33/51 MP: 6/6
  4651 | D:4      | Learned a level 5 spell: Bolt of Magma
  4705 | D:4      | Found an iron altar of Okawaru.
  4724 | D:5      | Entered Level 5 of the Dungeon
  4814 | D:5      | Found a glowing drain.
  4951 | Sewer    | Entered a sewer
  5769 | Sewer    | Reached XP level 7. HP: 57/57 MP: 7/7
  6426 | Sewer    | Reached skill level 3 in Fire Magic
  7154 | D:5      | Found a stormy altar of Qazlal.
  7555 | D:4      | Found an opulent altar of Gozag.
  7582 | D:4      | Became a worshipper of Gozag Ym Sagoz the Greedy
  8563 | D:5      | Reached skill level 4 in Fire Magic
  8563 | D:5      | Reached XP level 8. HP: 37/64 MP: 8/8
  9286 | D:6      | Got the Grimoire of Darkness
  9473 | D:6      | Noticed Blork the orc
  9484 | D:6      | Killed Blork the orc
 10827 | D:6      | Reached skill level 5 in Conjurations
 10827 | D:6      | Reached skill level 5 in Earth Magic
 11025 | D:6      | Reached skill level 5 in Fire Magic
 12317 | D:6      | Found a staircase to the Ecumenical Temple.
 12339 | Temple   | Entered the Ecumenical Temple
 13370 | D:6      | Reached XP level 9. HP: 42/69 MP: 9/9
 13768 | D:6      | Reached skill level 6 in Fire Magic
 14387 | D:3      | Found a runed translucent gate.
 14388 | D:3      | Found a runed translucent gate.
 14390 | D:3      | Found a runed translucent gate.
 14393 | D:3      | Noticed Shym's ghost (weakling BaVM)
 14822 | D:7      | Identified 3 scrolls of acquirement
 14830 | D:7      | Acquired a +1 hat of intelligence
 15915 | D:7      | Found a sacrificial altar of Ru.
 15917 | D:7      | Found a glowing silver altar of Zin.
 16696 | D:7      | Noticed Sigmund
 16702 | D:7      | Killed Sigmund
 16826 | D:7      | Noticed Edmund
 16835 | D:7      | Killed Edmund
 17132 | D:8      | Reached skill level 7 in Fire Magic
 18237 | D:8      | Reached XP level 10. HP: 69/78 MP: 10/10
 18589 | D:8      | Noticed Erica
 18629 | D:8      | Noticed a kobold demonologist
 18678 | D:9      | Noticed Psyche
 19197 | D:8      | Killed a kobold demonologist
 19453 | D:9      | Killed Psyche
 20151 | D:9      | Reached skill level 8 in Fire Magic
 20151 | D:9      | Noticed Maurice
 20183 | D:10     | Entered Level 10 of the Dungeon
 20186 | D:10     | Noticed a kobold demonologist
 20186 | D:10     | Noticed a kobold demonologist
 20197 | D:9      | Noticed a soul eater
 20199 | D:9      | Killed a kobold demonologist
 21200 | D:8      | Killed Erica
 21883 | D:9      | Noticed Maurice
 21883 | D:9      | Maurice changed into Maurice the tengu
 21889 | D:9      | Killed Maurice the tengu
 23521 | D:9      | Reached XP level 11. HP: 46/84 MP: 1/11
 23530 | D:9      | Reached skill level 9 in Fire Magic
 24560 | D:10     | Found a bloodstained altar of Trog.
 25424 | D:10     | Acquired the ring of Zoicopt {rC++ MP+9 Str-2 Int+6}
 25427 | D:10     | Acquired a +2 cloak of stealth
 25587 | D:10     | Reached skill level 10 in Conjurations
 26225 | D:10     | Noticed a cyclops
 26232 | D:10     | Killed a cyclops
 26858 | D:11     | Reached skill level 10 in Earth Magic
 26963 | D:11     | Noticed a two-headed ogre
 26968 | D:11     | Killed a two-headed ogre
 26969 | D:11     | Reached skill level 10 in Fire Magic
 27344 | D:11     | Bought the amulet "Rysteer" {RegenMP Harm rC+ Dex-3} for
                  | 490 gold pieces
 27363 | D:11     | Found a staircase to the Lair.
 27756 | D:11     | Noticed Grum
 27763 | D:11     | Killed Grum
 28136 | D:11     | Found a staircase to the Orcish Mines.
 28469 | D:11     | Found a transporter.
 28474 | D:11     | Found a transporter.
 28475 | D:11     | Noticed MajorAdolf's ghost (journeyman NaWn)
 28647 | Lair:1   | Entered Level 1 of the Lair of Beasts
 28664 | Lair:1   | Reached XP level 12. HP: 88/91 MP: 12/12
 28935 | Lair:1   | Noticed a seven-headed hydra
 28939 | Lair:1   | Killed a seven-headed hydra
 29465 | Lair:1   | Noticed a seven-headed hydra
 29468 | Lair:1   | Killed a seven-headed hydra
 29473 | Lair:1   | Reached skill level 11 in Fire Magic
 30219 | Lair:2   | Found a frozen archway.
 30228 | IceCv    | Entered an ice cave
 31026 | IceCv    | Found an ancient bone altar of Kikubaaqudgha.
 32044 | IceCv    | Gained mutation: You can use your snake-like lower body to
                  | constrict enemies. [Naga growth]
 32044 | IceCv    | Reached XP level 13. HP: 97/97 MP: 7/13
 32086 | IceCv    | Reached skill level 12 in Fire Magic
 33296 | Lair:2   | You fall into a shaft and drop 1 floor!
 33944 | Lair:3   | Found a staircase to the Swamp.
 34174 | Lair:3   | Acquired the +1 pair of gloves "Afitavam" {rN+}
 34199 | Lair:3   | Found a staircase to the Snake Pit.
 35427 | Lair:4   | Reached skill level 13 in Fire Magic
 35674 | Lair:4   | Noticed Kirke
 35693 | Lair:4   | Reached XP level 14. HP: 98/105 MP: 14/14
 35723 | Lair:4   | Noticed Urug
 36132 | Lair:5   | Found a staircase to the Slime Pits.
 36780 | Lair:4   | Killed Kirke
 37178 | Lair:4   | Killed Urug
 37927 | Lair:6   | Entered Level 6 of the Lair of Beasts
 38242 | Lair:6   | Found a dark tunnel.
 38247 | Volcano  | Entered a volcano
 39296 | Lair:6   | Reached skill level 14 in Fire Magic
 40039 | Lair:6   | Reached XP level 15. HP: 111/111 MP: 0/15
 41267 | Lair:6   | Got Sif Muna's Reference Book on Nocuous Ignition
 41785 | Orc:1    | Entered Level 1 of the Orcish Mines
 41846 | D:11     | Bought a +0 cloak of willpower for 138 gold pieces
 41866 | D:11     | Bought a +3 leather armour of willpower for 288 gold pieces
 41873 | D:11     | Bought the ring of Eternal Harmony {Fire Will++ Stlth+} for
                  | 648 gold pieces
 42072 | Orc:1    | Found a flagged portal.
 42084 | Bailey   | Entered a bailey
 42405 | Bailey   | Identified the ring of Surcho {Ice Dex+7 Slay-2 SInv}
 42407 | Bailey   | Noticed an orc warlord
 42419 | Bailey   | Killed an orc warlord
 42420 | Bailey   | Reached skill level 15 in Conjurations
 42648 | Bailey   | Reached skill level 15 in Earth Magic
 43272 | Orc:2    | Entered Level 2 of the Orcish Mines
 43990 | Orc:2    | Found a large runed translucent door.
 44096 | Orc:2    | Reached skill level 15 in Fire Magic
 44151 | Orc:2    | Found a large runed translucent door.
 44285 | Orc:2    | Found Ynyu's Antique Armour Shop.
 44285 | Orc:2    | Found Geco Hyo's Weapon Shoppe.
 44292 | Orc:2    | Found Boxkyele's Weapon Shoppe.
 44292 | Orc:2    | Found Omiapasmoo's Book Shop.
 44302 | Orc:2    | Bought a manual of Fire Magic for 960 gold pieces
 44324 | Orc:2    | Noticed Necsenou's ghost (journeyman GnWn)
 44588 | Orc:2    | Found a staircase to the Elven Halls.
 44682 | Orc:2    | Killed Necsenou's ghost
 44876 | Elf:1    | Entered Level 1 of the Elven Halls
 45011 | Elf:1    | Paralysed by an air elemental for 1 turns
 45054 | Elf:1    | Found a radiant altar of Vehumet.
 45645 | Elf:1    | Acquired 1304 gold pieces
 45658 | Elf:1    | Bought a +0 helmet of intelligence for 126 gold pieces
 45658 | Elf:1    | Bought a +2 buckler of reflection for 203 gold pieces
 45883 | Elf:1    | Reached XP level 16. HP: 118/118 MP: 16/16
 46395 | Elf:1    | Reached skill level 16 in Fire Magic
 47346 | Elf:1    | Found Ycobuot's Assorted Antiques.
 47354 | Elf:1    | Bought a scroll of magic mapping for 143 gold pieces
 47354 | Elf:1    | Bought a scroll of enchant armour for 307 gold pieces
 47354 | Elf:1    | Bought a pair of embroidered gloves for 307 gold pieces
 47363 | Elf:1    | Reached XP level 17. HP: 124/124 MP: 17/17
 47364 | Elf:1    | Gained mutation: Your mind is acute. (Int +2) [potion of
                  | mutation]
 47364 | Elf:1    | Gained mutation: You have sharp fingernails. [potion of
                  | mutation]
 47364 | Elf:1    | Gained mutation: You are partially covered in iridescent
                  | scales. (AC +2) [potion of mutation]
 47364 | Elf:1    | Gained mutation: Your tail ends in a poisonous barb.
                  | [potion of mutation]
 48412 | Elf:2    | Identified the +2 leather armour of Honour {rPois Stlth+}
 48480 | Elf:2    | Reached skill level 17 in Fire Magic
 49623 | Elf:2    | Found a runed translucent gate.
 49635 | Elf:2    | Found a runed translucent gate.
 49645 | Elf:2    | Found a runed translucent gate.
 51667 | Elf:2    | Reached skill level 18 in Fire Magic
 52193 | Elf:3    | Entered Level 3 of the Elven Halls
 52396 | Elf:3    | Found Miuqusad's Armour Boutique.
 52419 | Elf:3    | Reached XP level 18. HP: 124/132 MP: 17/18
 53515 | Elf:3    | Noticed a deep elf blademaster
 53523 | Elf:3    | Killed a deep elf blademaster
 53993 | Elf:3    | Identified the ring "Qogy" {AC+4 Int+2}
 54210 | Elf:3    | Identified the +8 spear of Wounding {vorpal, rF+}
 54288 | Elf:3    | Noticed a deep elf master archer
 55081 | Elf:3    | Reached skill level 19 in Fire Magic
 55411 | Elf:3    | Noticed a Hell Sentinel
 55529 | Elf:3    | Noticed a deep elf master archer
 55533 | Elf:3    | Killed a deep elf master archer
 56316 | Elf:3    | Identified the ring of Life {rElec rF+ MP+9 Str+6 Stlth-}
 57201 | Elf:3    | Acquired 932 gold pieces
 57476 | Elf:3    | Killed a deep elf master archer
 57922 | Elf:3    | Noticed a deep elf blademaster
 57933 | Elf:3    | Killed a deep elf blademaster
 58622 | Elf:3    | Got the Compendium of Sinister Secrets and Contamination
 58875 | Elf:3    | Paralysed by an air elemental for 1 turns
 59088 | Elf:1    | Bought a scroll of acquirement for 2132 gold pieces
 59088 | Elf:1    | Acquired the +5 kite shield "Asmivuc" {Int+3}
 59266 | Elf:1    | Reached XP level 19. HP: 138/138 MP: 19/19
 59336 | Elf:1    | Paralysed by an air elemental for 1 turns
 59510 | Elf:1    | Killed from afar by a deep elf knight

Illustrated notes

Levels and vault maps discovered:
D:1:      grunt_arrival_crossed_arrows, layout_basic
D:2:      layout_loops_ring, basic_altar
D:3:      kennysheep_six_static_rooms, layout_basic, ebering_ghost_rock_garden
D:4:      layout_cave_pods, kennysheep_little_box, grunt_gozag_breadcrumbs
D:5:      layout_loops_ring, nicolae_qazlal_scattered_showers,
          portal_sewer_entry_c
D:6:      kb_forest_paths, layout_layer_cave, minmay_temple_entry_large_hall,
          item_on_display_b, uniq_blork_the_orc
D:7:      layout_rooms, minitemple, serial_glass, glass_columns_c,
          glass_columns_b, glass_columns_a, glass_columns_c, glass_columns_b,
          sigmund_edmund_badplayer
D:8:      layout_loops_ring, minmay_misc_feat_four_crosses, minivault_5,
          uniq_erica
D:9:      layout_basic, uniq_psyche, uniq_maurice
D:10:     layout_roguey, trog_butcher_becter, grunt_ministairs_6
D:11:     layout_loops_cross, dpeg_oklobed_lair, erik_orc_4,
          gammafunk_ghost_hive, uniq_grum
Temple:   nicolae_temple_elliptical
Lair:1:   beast_lair_carwin_large_1, layout_small_grid,
          chequers_serial_rivers_small_3, st_stairs_7, serial_bayou_shore_a,
          minmay_lair_oklob_chamber, infiniplex_staircase_pool_2
Lair:2:   layout_roguey, portal_ice_cave_entry_pillars_2, serial_bayou_lake_a
Lair:3:   layout_roguey, minmay_swamp_entry_worms, guppyfry_snake_entry_island
Lair:4:   layout_hall_layers, minmay_lair_oklob_bushes, uniq_urug, uniq_kirke
Lair:5:   layout_regular_city, minmay_slime_entry_pillars, lemuel_fruit_fields,
          lemuel_fruit_tree
Lair:6:   hangedman_lair_in_review, layout_small_grid,
          nicolae_volcano_entry_s_turn, nzn_sisyphean_effort
Orc:1:    layout_caves, enter_bailey_3
Orc:2:    grunt_orc_tribal_feast, layout_diamond_mine,
          ebering_ghost_disaster_area, basic_altar
Elf:1:    eino_elf_arrival_altar, layout_loops_cross, serial_shops, shop,
          hangedman_corner_corridor, evilmike_minifort
Elf:2:    nicolae_elf_blades_crystal_corner, layout_gridlike
Elf:3:    elf_hall, layout_loops_corners, serial_shops, shop,
          grunt_ministairs_7, nicolae_elf_big_sculpture_2,
          small_chamber_with_monster

Skill      XL: |  1  2  3  4  5  6  7  8  9 10 11 12 13 14 15 16 17 18 |
---------------+-------------------------------------------------------+-----
Stealth        | 6 7 |  7.6
Shields        | 1 2 3 |  3.7
Conjurations   | 1 2 4 5 7 9 10 12 13 14 15 16 17 | 17.9
Fire Magic     | 1 2 4 5 7 8 10 11 13 14 15 16 18 19 | 19.6
Earth Magic    | 1 2 4 5 7 8 10 11 13 14 15 16 17 | 17.9
Fighting       | |  1.0
Staves         | |  2.0
Dodging        | |  2.4

Action                   |  1- 3 |  4- 6 |  7- 9 | 10-12 | 13-15 | 16-18 | 19-21 || total
-------------------------+-------+-------+-------+-------+-------+-------+-------++-------
Melee: Quarterstaff      |    49 |     9 |       |       |       |       |       ||    58
       Dagger            |     3 |   115 |    37 |       |       |       |       ||   155
       Short sword       |       |       |   285 |   146 |   163 |    13 |       ||   607
       Flail             |       |       |    38 |    81 |       |       |       ||   119
       Constrict         |       |       |       |       |    42 |     7 |     1 ||    50
       Staff             |       |       |       |       |       |    21 |     8 ||    29
 Fire: Hunting sling     |       |    11 |       |       |       |       |       ||    11
       Hand crossbow     |       |       |    81 |     3 |       |       |       ||    84
 Cast: Bolt of Magma     |       |       |     2 |   198 |   403 |   258 |    19 ||   880
Invok: Call Merchant     |       |       |       |     1 |     4 |       |       ||     5
 Abil: Spit Poison       |    33 |    54 |    52 |    18 |     2 |     2 |       ||   161
Evoke: Wand              |       |     6 |     6 |    10 |    13 |     1 |       ||    36
  Use: Scroll            |       |     3 |     8 |     8 |     6 |    15 |       ||    40
       Potion            |       |       |     2 |     3 |       |     7 |     4 ||    16
 Stab: Sleeping          |       |     4 |     2 |       |       |       |       ||     6
       Distracted        |       |       |       |       |     5 |       |       ||     5
Armor: Robe              |     4 |    23 |   130 |   157 |   119 |       |       ||   433
       Leather armour    |       |       |       |       |     8 |    45 |    11 ||    64
Dodge: Dodged            |    26 |    43 |   199 |   152 |   133 |    35 |     4 ||   592
Block: Buckler           |       |    11 |    83 |    53 |    46 |    29 |       ||   222
       Reflection        |       |       |       |       |       |    10 |       ||    10
       Kite shield       |       |       |       |       |       |     7 |    14 ||    21
